 Dungeon Crawl Stone Soup version 0.31.0-1-g2c135a0 (webtiles) character file.

Game seed: 6470680729278026890

228719 jagoly the Severer (level 18, -4/112 HPs)
             Began as a Gargoyle Monk on Feb 3, 2024.
             Was a High Priest of the Shining One.
             Slain by a rockslime (25 damage)
             ... on level 5 of the Pits of Slime.
             The game lasted 04:06:30 (14082 turns).

jagoly the Severer (Gargoyle Monk)                 Turns: 14082, Time: 04:06:30

Health: -4/112     AC: 35    Str: 18    XL:     18   Next: 0%
Magic:  15/27      EV:  9    Int: 15    God:    the Shining One [*****.]
Gold:   222        SH: 24    Dex: 12    Spells: 17/17 levels left

rFire   + + .        b - +5 broad axe (elec)
rCold   + . .        J - +1 kite shield {rPois}
rNeg    + + +        G - +0 chain mail of the Mantidfly {rF+ Regen+ Str-4 Slay+2}
rPois   ∞            m - +0 helmet {SInv}
rElec   +            j - +1 cloak
rCorr   +            S - +0 pair of gloves {Stlth+}
SInv    +            s - +1 pair of boots of Noughts and Crosses {^Contam rF+ Int+3}
Will    +....        k - amulet of the acrobat Stlth
                     I - ring of resist corrosion
HPRegen 1.18/turn    X - ring of protection from cold
MPRegen 0.20/turn

%: acrobat
@: divinely shielded, flying, glowing
A: sickness immunity, AC +13, big wings, negative energy resistance 1,
electricity resistance, torment resistance 1, petrification resistance,
iridescent scales 1
}: 2/15 runes: barnacled, gossamer
a: Renounce Religion, Divine Shield, Cleansing Flame, Summon Divine Warrior


You were on level 5 of the Pits of Slime.
You worshipped the Shining One.
The Shining One was extremely pleased with you.
You visited 7 branches of the dungeon, and saw 33 of its levels.
You also visited: Sewer, Ossuary, Bailey, Gauntlet and Ice Cave.

You collected 2407 gold pieces.
You spent 2185 gold pieces at shops.

Inventory:

Hand Weapons
 a - the +6 flail of the Six Brambles {heavy, Will+ Int+3 Stlth-}
   (You found it on level 9 of the Dungeon)

   Int+3:     It affects your intelligence (+3).
   Will+:     It increases your willpower.
   Stlth-:    It makes you less stealthy.
 b - a +5 broad axe of electrocution (weapon)
 w - the +7 trident of Muphigec {elec, rF+ Stlth+}
   (You found it on level 5 of the Dungeon)

   rF+:       It protects you from fire.
   Stlth+:    It makes you more stealthy.
Missiles
 o - 3 darts of dispersal
 v - 17 boomerangs (quivered)
 y - 6 javelins
Armour
 j - a +1 cloak (worn)
 m - a +0 helmet of see invisible (worn)
 s - the +1 pair of boots of Noughts and Crosses (worn) {^Contam rF+ Int+3}
   (You found it on level 4 of the Spider Nest)

   Int+3:     It affects your intelligence (+3).
   rF+:       It protects you from fire.
   ^Contam:   It causes magical contamination when unequipped.
 G - the +0 chain mail of the Mantidfly (worn) {rF+ Regen+ Str-4 Slay+2}
   (You bought it in a shop on level 2 of the Orcish Mines)

   Str-4:     It affects your strength (-4).
   Slay+2:    It affects your accuracy & damage with ranged weapons and melee
   (+2).
   rF+:       It protects you from fire.
   Regen+:    It increases your rate of health regeneration.
 J - a +1 kite shield of poison resistance (worn)
 S - a +0 pair of gloves of stealth (worn)
Jewellery
 d - a ring of willpower
 g - a ring of protection from fire
 k - an amulet of the acrobat (around neck)
 I - a ring of resist corrosion (left hand)
 X - a ring of protection from cold (right hand)
Wands
 E - a wand of mindburst (5)
 H - a wand of digging (3)
 M - a wand of quicksilver (4)
 Y - a wand of roots (1)
 Z - a wand of paralysis (28)
Scrolls
 i - 7 scrolls of teleportation
 r - a scroll of poison {unknown}
 x - 5 scrolls of immolation
 A - a scroll of amnesia {unknown}
 B - 4 scrolls of fear
 C - 5 scrolls of revelation
 K - 3 scrolls of vulnerability
 N - a scroll of brand weapon {unknown}
 U - 5 scrolls of summoning
Potions
 c - 4 potions of ambrosia
 n - a potion of cancellation {unknown}
 p - 6 potions of mutation
 q - 5 potions of magic
 t - 2 potions of resistance
 u - a potion of curing
 z - 2 potions of heal wounds
 D - 3 potions of enlightenment
 F - 4 potions of might
 Q - 2 potions of haste
Miscellaneous
 l - a lightning rod (1/4)
 O - a phantom mirror (inert)
 R - a box of beasts (inert)
 T - a tin of tremorstones (inert)


   Skills:
 - Level 12.0 Fighting
 + Level 15.6(17.4) Axes
 - Level 14.0(17.4) Maces & Flails
 * Level 7.1 Throwing
 - Level 10.0 Armour
 - Level 6.0 Dodging
 - Level 12.0 Shields
 - Level 12.0 Invocations
 + Level 7.5 Evocations


You had 17 spell levels left.
You didn't know any spells.
Your spell library contained the following spells:

 Spells                   Type           Power      Damage    Failure   Level
 Apportation              Tloc           0%         N/A       97%         1
 Magic Dart               Conj           0%         1d3       97%         1
 Necrotise                Necr           0%         1d4       97%         1
 Sting                    Conj/Alch      0%         1d3       97%         1
 Summon Small Mammal      Summ           0%         N/A       97%         1
 Blink                    Tloc           0%         N/A       99%         2
 Call Imp                 Summ           0%         N/A       99%         2
 Mercury Vapours          Alch/Air       0%         N/A       99%         2
 Call Canine Familiar     Summ           0%         N/A       100%        3
 Fugue of the Fallen      Necr           0%         N/A       100%        3
 Inner Flame              Hex/Fire       0%         N/A       100%        3
 Ozocubu's Armour         Ice            0%         N/A       100%        3
 Sigil of Binding         Hex            0%         N/A       100%        3
 Dimensional Bullseye     Hex/Tloc       0%         N/A       100%        4
 Flame Wave               Conj/Fire      0%         2d4       100%        4
 Manifold Assault         Tloc           0%         N/A       100%        4
 Olgreb's Toxic Radiance  Alch           0%         N/A       100%        4
 Sticky Flame             Fire/Alch      0%         2d4       100%        4
 Summon Blazeheart Golem  Fire/Summ      0%         N/A       100%        4


Dungeon Overview and Level Annotations

Branches:
Dungeon (12/15) Zot: 26006  Temple (1/1) D:7 Zot: 5971    Lair (5/5) D:11 Zot: 25129
 Shoals (4/4) Lair:2 Zot: 22752  Spider (4/4) Lair:2 Zot: 21990   Slime (5/5) Lair:5 Zot: 26810
    Orc (2/2) D:10 Zot: 10955     Elf (0/3) Orc:2         Sewer (visited)
Ossuary (visited)          Bailey (visited)           IceCv (visited)
Gauntlet (visited)

Altars:
Ashenzari
Cheibriados
Dithmenos
Elyvilon
Fedhas
Gozag
Hepliaklqana
Kikubaaqudgha
Makhleb
Nemelex Xobeh
Okawaru
Qazlal
Ru
Sif Muna
Trog
Uskayaw
Vehumet
Wu Jian
Xom
Yredelemnul
Zin
The Shining One
Jiyva

Shops:
Orc:1 ?   Orc:2 (*[=   Shoals:3 !

Annotations:
D:6 2 runed translucent doors, Biscolet's ghost, novice DjFE
Lair:5 exclusion: obsidian statue


Innate Abilities, Weirdness & Mutations

You are immune to sickness and miasma.
Your stone body is resilient. (AC +13)
You are immune to poison.
Your large and strong wings let you fly.
You resist negative energy. (rN+)
You are resistant to electric shocks. (rElec)
You are resistant to unholy torment.
You are immune to petrification.
You are partially covered in iridescent scales. (AC +2)


Message History

Throw: 17 boomerangs
Press: ? - help, Q - select action, (/) - cycle Shift-Dir - straight line, f - Royal Jelly, p - rockslime
Aim: the Royal Jelly (moderately wounded, haloed, 97% to hit)
You throw a boomerang. The boomerang hits the Royal Jelly.
The Royal Jelly is heavily wounded.
Your daeva is no longer covered in acid.
As you read the scroll of immolation, it crumbles to dust.
The creatures around you are filled with an inner flame!
The tremorstone explodes into fragments!
The burst of rock shards engulfs the rockslime but does no damage.
The burst of rock shards engulfs the rockslime.
Flame seeps out of the rockslime.
The burst of rock shards engulfs the azure jelly!
Flame seeps out of the azure jelly.
The burst of rock shards engulfs the azure jelly!
Flame seeps out of the azure jelly.
The burst of rock shards engulfs the Royal Jelly!
Flame seeps out of the Royal Jelly.
The burst of rock shards engulfs the rockslime but does no damage. x2
The burst of rock shards engulfs you but does no damage.
The burst of rock shards engulfs the azure jelly!!
Flame seeps out of the azure jelly.
The burst of rock shards engulfs the rockslime but does no damage. x2
The burst of rock shards engulfs you but does no damage.
The burst of rock shards engulfs the azure jelly!
That felt strangely unrewarding.
The azure jelly explodes!
The fiery explosion engulfs the rockslime but does no damage.
The fiery explosion engulfs the Royal Jelly!!
Flame seeps out of the Royal Jelly.
The Royal Jelly is heavily wounded.
The Royal Jelly shudders violently.
The Royal Jelly spits out three more jellies.
The rockslime is engulfed in blazing flames.
Flame seeps out of the rockslime.
The azure jelly is engulfed in blazing flames.
Flame seeps out of the azure jelly.
Okay, then.
Press: ? - help, v - describe, . - travel
Here: a rockslime (flame, inner flame, haloed)
The floor.
Okay, then.
Unknown command.
What are your orders? t - Shout!
Orders for allies: a - Attack new target. p - Attack previous target. r - Retreat! s - Stop attacking. g - Guard the area. f - Follow me.
Anything else - Cancel.
Retreat in which direction?
Press: ? - help, Dir - move target, p - Royal Jelly Fall back!
The rockslime barely misses you.
Throw: 10 javelins
Press: ? - help, Shift-Dir - straight line, f - Royal Jelly
Aim: the Royal Jelly (heavily wounded, inner flame, 85% to hit)
You throw a javelin.
The javelin pierces through the rockslime but does no damage.
The rockslime is lightly wounded.
The javelin pierces through the rockslime but does no damage.
The javelin pierces through the quicksilver ooze!
The quicksilver ooze is moderately wounded.
The javelin barely misses the azure jelly.
The javelin pierces through the Royal Jelly!!
Flame seeps out of the Royal Jelly.
The Royal Jelly is severely wounded.
The Royal Jelly shudders.
The Royal Jelly spits out another jelly.
The acid blob is engulfed in blazing flames.
The quicksilver ooze is engulfed in blazing flames.
The acid blob is engulfed in blazing flames.
The acid blob jiggles.
The acid blob is engulfed in blazing flames.
The rockslime hits you but does no damage.
The Royal Jelly is engulfed in blazing flames.
Flame seeps out of the Royal Jelly.
The Royal Jelly shudders.
The Royal Jelly spits out another jelly.
The acid blob is engulfed in blazing flames.
Throw: 9 javelins
Press: ? - help, Shift-Dir - straight line, f/p - Royal Jelly
Aim: the Royal Jelly (severely wounded, inner flame, 85% to hit)
You throw a javelin.
The javelin pierces through the rockslime but does no damage.
The rockslime is lightly wounded.
The javelin pierces through the rockslime but does no damage.
The javelin pierces through the acid blob!
The acid blob is moderately wounded.
The javelin pierces through the rockslime but does no damage.
The javelin pierces through the Royal Jelly!!
Flame seeps out of the Royal Jelly.
The Royal Jelly is severely wounded.
The Royal Jelly shudders vigorously.
The Royal Jelly spits out two more jellies.
The acid blob is engulfed in blazing flames. x2
The Royal Jelly is engulfed in blazing flames.
Flame seeps out of the Royal Jelly.
The quicksilver ooze is engulfed in blazing flames.
The rockslime hits you.
* * * LOW HITPOINT WARNING * * *
You are shoved backwards!
The acid blob is engulfed in blazing flames.
Okay, then.
What are your orders? t - Shout!
Orders for allies: a - Attack new target. p - Attack previous target. r - Retreat! s - Stop attacking. g - Guard the area. f - Follow me.
Anything else - Cancel.
Retreat in which direction?
Press: ? - help, Dir - move target, p - Royal Jelly Fall back!
The acid blob is engulfed in blazing flames.
The azure jelly is engulfed in blazing flames.
The rockslime hits you!
* * * LOW HITPOINT WARNING * * *
You are shoved backwards!
Your shield is strengthened by the Shining One's divine power.
Your extra speed is starting to run out.
You are no longer corroded.
The azure jelly is engulfed in blazing flames.
The rockslime is engulfed in blazing flames.
Flame seeps out of the rockslime.
The azure jelly is engulfed in blazing flames.
The rockslime attacks as it pursues you!
You block the rockslime's attack.
Okay, then.
As you read the scroll of immolation, it crumbles to dust.
The creatures around you are filled with an inner flame!
The azure jelly is engulfed in blazing flames.
Flame seeps out of the azure jelly.
You block the rockslime's attack.
The Royal Jelly is engulfed in blazing flames.
Flame seeps out of the Royal Jelly.
The acid blob is engulfed in blazing flames.
Flame seeps out of the acid blob.
An acid blob comes into view.
The acid blob quivers.
The rockslime attacks as it pursues you!
You block the rockslime's attack.
Read: 5 scrolls of fear
Press: ? - help, Dir - look around, f - activate Look: an azure jelly (moderately wounded, inner flame, haloed, chance to affect: 64%)
As you read the scroll of fear, it crumbles to dust.
You assume a fearsome visage.
The rockslime looks frightened!
The acid blob resists with almost no effort.
The acid blob easily resists.
The rockslime looks frightened! x2
The azure jelly looks frightened!
The quicksilver ooze is unaffected.
The azure jelly looks frightened!
The acid blob resists with almost no effort.
The acid blob resists with almost no effort.
The acid blob easily resists.
The azure jelly looks frightened! x2; The rockslime looks frightened!
The azure jelly is engulfed in blazing flames.
Flame seeps out of the azure jelly.
Press: ? - help, v - describe, . - travel
Here: an acid blob (lightly wounded, inner flame, haloed)
The floor.
Unknown command.
Unknown command.
Activating: Cleansing Flame (2% risk of failure)
Press: ? - help, Dir - look around, f - activate The golden flame engulfs you but does no damage.
The golden flame engulfs the acid blob!!
Flame seeps out of the acid blob.
The acid blob is heavily wounded.
The golden flame engulfs the quicksilver ooze!
The quicksilver ooze is severely wounded.
The golden flame engulfs the acid blob!!
Flame seeps out of the acid blob.
The acid blob is heavily wounded.
The golden flame engulfs the rockslime but does no damage.
Your attack snaps the rockslime out of its fear.
The golden flame engulfs the acid blob!
Flame seeps out of the acid blob.
The acid blob is heavily wounded.
The golden flame engulfs the azure jelly!!
Flame seeps out of the azure jelly.
The azure jelly is severely wounded.
Your attack snaps the azure jelly out of its fear.
The golden flame engulfs the rockslime!!
Flame seeps out of the rockslime.
The rockslime is moderately wounded.
Your attack snaps the rockslime out of its fear.
The acid blob is engulfed in blazing flames.
Flame seeps out of the acid blob.
The acid blob spits acid at you. The splash of acid hits you. You resist.
* * * LOW HITPOINT WARNING * * *
The azure jelly is engulfed in blazing flames.
Flame seeps out of the azure jelly.
The acid blob is engulfed in blazing flames.
Flame seeps out of the acid blob.
The acid blob is engulfed in blazing flames.
Flame seeps out of the acid blob.
The acid blob spits acid at you. The splash of acid hits you. You resist.
* * * LOW HITPOINT WARNING * * *
Unknown command.
Unknown command.
Unknown command.
Okay, then.
Blink to where?
Press: ? - help, Dir - move target
As you read the scroll of blinking, it crumbles to dust.
The acid blob is engulfed in blazing flames.
Flame seeps out of the acid blob.
The acid blob is engulfed in blazing flames.
Flame seeps out of the acid blob.
The acid blob spits acid at you.
The splash of acid hits you but does no damage.
You feel much better.
You feel yourself slow down.
The acid blob is engulfed in blazing flames.
Flame seeps out of the acid blob.
The acid blob spits acid at you. The splash of acid hits you. You resist.
The acid blob spits acid at you. The splash of acid hits you. You resist.
Throw: 8 javelins
Press: ? - help, Shift-Dir - straight line, f - quicksilver ooze
Aim: a quicksilver ooze (severely wounded, haloed, 67% to hit)
You throw a javelin.
The javelin pierces through the acid blob!
Flame seeps out of the acid blob.
The acid blob is severely wounded.
The javelin barely misses the quicksilver ooze.
The acid blob is engulfed in blazing flames.
Flame seeps out of the acid blob.
The acid blob spits acid at you.
The splash of acid hits you but does no damage.
The acid blob spits acid at you. The splash of acid hits you. You resist.
* * * LOW HITPOINT WARNING * * *
The acid blob is engulfed in blazing flames.
Flame seeps out of the acid blob.
The acid blob spits acid at you.
The splash of acid hits you but does no damage.
Okay, then.
As you read the scroll of teleportation, it crumbles to dust.
You feel strangely unstable. The acid blob spits acid at you.
The splash of acid hits you but does no damage.
The acid blob is engulfed in blazing flames.
Flame seeps out of the acid blob.
Throw: 7 javelins
Press: ? - help, Shift-Dir - straight line, f - Royal Jelly, p - quicksilver ooze
Aim: the Royal Jelly (severely wounded, inner flame, 85% to hit)
You throw a javelin.
The javelin pierces through the acid blob!
That felt strangely unrewarding.
The javelin pierces through the Royal Jelly.
Flame seeps out of the Royal Jelly.
The Royal Jelly is almost dead.
The Royal Jelly shudders.
The Royal Jelly spits out another jelly.
The acid blob explodes!
The fiery explosion engulfs the quicksilver ooze!!
You kill the quicksilver ooze!
That felt strangely unrewarding.
The acid blob spits acid at you.
The splash of acid hits you but does no damage.
You block the rockslime's attack.
The Royal Jelly is engulfed in blazing flames.
Flame seeps out of the Royal Jelly.
The acid blob is engulfed in blazing flames.
Flame seeps out of the acid blob.
The rockslime hits you but does no damage.
Activating: Cleansing Flame (2% risk of failure)
Press: ? - help, Dir - look around, f - activate The golden flame engulfs you but does no damage.
You resist.
The golden flame engulfs the acid blob!
That felt strangely unrewarding.
The golden flame engulfs the rockslime but does no damage.
The rockslime is moderately wounded.
The golden flame engulfs the acid blob!!
The acid blob is lightly wounded.
The golden flame engulfs the acid blob!!
Flame seeps out of the acid blob.
The acid blob is severely wounded.
The acid blob explodes!
The fiery explosion engulfs the rockslime!
The rockslime resists.
Flame seeps out of the rockslime.
The rockslime is moderately wounded.
The fiery explosion engulfs you but does no damage.
You are engulfed in blazing flames.
You resist.
* * * LOW HITPOINT WARNING * * *
The acid blob is engulfed in blazing flames.
Flame seeps out of the acid blob.
The acid blob is engulfed in blazing flames.
Flame seeps out of the acid blob.
The rockslime hits you but does no damage.
The Royal Jelly is engulfed in blazing flames.
Flame seeps out of the Royal Jelly.
The Royal Jelly shudders vigorously.
The Royal Jelly spits out two more jellies.
The tremorstone explodes into fragments!
The burst of rock shards engulfs the acid blob!!
That felt strangely unrewarding.
The burst of rock shards engulfs the rockslime but does no damage.
The burst of rock shards engulfs the acid blob!!
Flame seeps out of the acid blob.
The burst of rock shards engulfs the rockslime but does no damage. x2
The burst of rock shards engulfs you but does no damage.
The burst of rock shards engulfs the azure jelly!
Flame seeps out of the azure jelly.
The burst of rock shards engulfs the acid blob!!
The burst of rock shards engulfs the Royal Jelly!!
Flame seeps out of the Royal Jelly.
The burst of rock shards engulfs the rockslime but does no damage.
The burst of rock shards engulfs the acid blob!!
Flame seeps out of the acid blob.
The burst of rock shards engulfs the rockslime but does no damage. x2
The burst of rock shards engulfs you but does no damage.
The burst of rock shards engulfs the azure jelly!
That felt strangely unrewarding.
The burst of rock shards engulfs the acid blob!!
The burst of rock shards engulfs the Royal Jelly!
You feel a strange vibration for a moment.
With an infernal noise, the power ruling this place vanishes!
The burst of rock shards engulfs the acid blob!
The burst of rock shards engulfs the azure jelly!
The burst of rock shards engulfs the rockslime but does no damage.
The burst of rock shards engulfs the acid blob!!
Flame seeps out of the acid blob.
The burst of rock shards engulfs the rockslime but does no damage.
The tin is emptied!
The Royal Jelly explodes!
The fiery explosion engulfs the acid blob!!
The acid blob is moderately wounded.
The fiery explosion engulfs the azure jelly!!!
The azure jelly is burned terribly!
The azure jelly is heavily wounded.
The fiery explosion engulfs the rockslime.
The rockslime resists.
The rockslime is lightly wounded.
The azure jelly explodes!
The fiery explosion engulfs the rockslime.
The rockslime resists.
Flame seeps out of the rockslime.
The rockslime is lightly wounded.
The dying Royal Jelly spits out two more jellies.
The acid blob explodes!
The fiery explosion engulfs the rockslime!
The rockslime resists.
Flame seeps out of the rockslime.
The rockslime is lightly wounded.
The fiery explosion engulfs the acid blob!!!
That felt strangely unrewarding.
The fiery explosion engulfs the acid blob!!!
You kill the acid blob!
The fiery explosion engulfs the rockslime but does no damage.
The rockslime is moderately wounded.
The fiery explosion engulfs you. You resist.
* * * LOW HITPOINT WARNING * * *
The acid blob explodes!
The fiery explosion engulfs the acid blob!!
The acid blob is moderately wounded.
You are engulfed in blazing flames.
You resist.
* * * LOW HITPOINT WARNING * * *
You block the rockslime's attack.
The acid blob is engulfed in blazing flames.
The acid blob spits acid at you. The splash of acid hits you. You resist.
* * * LOW HITPOINT WARNING * * *
The rockslime is engulfed in blazing flames.
Flame seeps out of the rockslime.
The azure jelly is engulfed in blazing flames.
Your lightning rod (1/4) has regained one charge.
Your Throwing skill increases to level 7!
Unknown command.
Okay, then.
Unknown command.
Unknown command.
Unknown command.
Your surroundings suddenly seem different.
Acid dripping from the walls corrodes you.
You start resting.
Your divine shield fades away.
Unknown command.
Unknown command.
Unknown command. 3 slime creatures come into view.
The slime creature quivers. x3
Two slime creatures merge to form a large slime creature.
A slime creature comes into view.
Throw: 17 boomerangs
Press: ? - help, Q - select action, (/) - cycle Shift-Dir - straight line, f - slime creature
Aim: a slime creature (haloed, 97% to hit)
You throw a boomerang.
The boomerang hits the slime creature but does no damage.
Throw: 17 boomerangs
Press: ? - help, Q - select action, (/) - cycle Shift-Dir - straight line, f/p - slime creature
Aim: a slime creature (haloed, 97% to hit)
You throw a boomerang. The boomerang hits the slime creature.
The slime creature is lightly wounded.
A rockslime comes into view.
A large slime creature splits.
Two slime creatures merge to form a large slime creature.
The rockslime quivers.
Throw: 17 boomerangs
Press: ? - help, Q - select action, (/) - cycle Shift-Dir - straight line, f/p - slime creature
Aim: a slime creature (lightly wounded, haloed, 97% to hit)
You throw a boomerang. The boomerang hits the slime creature!!
The slime creature is moderately wounded.
You hear the crackle of electricity.
b - a +5 broad axe of electrocution (weapon)
The slime creature hits you but does no damage.
You hit the slime creature.
Lightning courses through the slime creature!!
The slime creature is severely wounded.
You block the slime creature's attack.
You hit the slime creature.
Lightning courses through the slime creature!
The slime creature is almost dead.
You slash the slime creature!
You kill the slime creature!
You slash the slime creature! You block the slime creature's attack.
You hit the slime creature.
The slime creature is lightly wounded.
The slime creature barely misses you.
Your shield is strengthened by the Shining One's divine power.
You block the slime creature's attack.
You hit the rockslime but do no damage. You slice the slime creature!!
The large slime creature jiggles.
You block the rockslime's attack.
A slime creature comes into view.
You hit the rockslime but do no damage. You hit the slime creature.
You hit the large slime creature but do no damage.
The slime creature hits you but does no damage.
You block the rockslime's attack.
The large slime creature hits you but does no damage.
You hit the large slime creature.
Lightning courses through the large slime creature!
The large slime creature is lightly wounded.
You hit the rockslime. You slash the slime creature!
You block the rockslime's attack. The slime creature closely misses you.
You block the large slime creature's attack.
You hit the rockslime.
The rockslime is lightly wounded.
You hit the large slime creature.
Lightning courses through the large slime creature!!
You slash the slime creature!
You kill the slime creature!
You block the rockslime's attack.
A large slime creature splits.
You slash the slime creature!
Lightning courses through the slime creature!
The slime creature is severely wounded.
You hit the rockslime but do no damage. You slash the slime creature!
Lightning courses through the slime creature!
You block the rockslime's attack. You block the slime creature's attack.
You hit the slime creature.
Lightning courses through the slime creature!
You kill the slime creature!
You hit the rockslime. You slash the slime creature!
The rockslime barely misses you. You block the slime creature's attack.
You hit the rockslime but do no damage.
The rockslime is lightly wounded.
You hit the slime creature.
The rockslime hits you but does no damage.
You block the slime creature's attack.
You hit the rockslime.
The rockslime is lightly wounded.
You hit the slime creature.
Lightning courses through the slime creature!
You kill the slime creature!
The rockslime hits you but does no damage.
You hit the rockslime but do no damage.
The rockslime is lightly wounded.
You completely miss the slime creature. The rockslime hits you!
You are shoved backwards!
You hit the rockslime but do no damage.
The rockslime is lightly wounded.
You slash the slime creature! You block the rockslime's attack.
You hit the rockslime.
The rockslime is lightly wounded.
You slash the slime creature! The slime creature hits you.
The rockslime closely misses you.
You hit the rockslime but do no damage.
The rockslime is lightly wounded.
You slash the slime creature! The rockslime hits you!!
You are shoved backwards!
You slash the rockslime!
The rockslime is moderately wounded.
You hit the slime creature.
Lightning courses through the slime creature!
You block the rockslime's attack. You block the slime creature's attack.
You completely miss the rockslime.
The rockslime is moderately wounded.
You slash the slime creature! The rockslime hits you!!
* * * LOW HITPOINT WARNING * * *
You are shoved backwards!
You slash the rockslime!
The rockslime is heavily wounded.
You slash the slime creature!
You kill the slime creature!
You block the rockslime's attack.
You have reached level 18!
You are momentarily dazzled by a brilliant light.
You block the rockslime's attack.
You slice the rockslime!!
The rockslime is severely wounded.
The rockslime hits you!!
* * * LOW HITPOINT WARNING * * *
You are shoved backwards!
The rockslime hits you!!
You die...

,,,,,,,,*,,,,*####.,**
,,,,,,,,*,,**#.......##
,,,,,,,,**####........#
,,,,,,,,*##...........##
,,.,,,**##.............#
,,..#** #.............##
,,#...#*##.............#*
***,#...#......A........* *
*,,,#........J@....^..*
***,#...#..............#*
,*#...####..............*
,,..#** #..............**
,,.,,,***#..............,*
,,,,,,,*#...............***
,,,,,,,.................,,*
,,,,,,,.................,,*
,,,,,,,,,,,,,,,,,,,,,,,,,**


You could see a rockslime (ally target) and a friendly angel (summoned).

Vanquished Creatures
  the Royal Jelly (Slime:5)
  Jorgrun (Orc:2)
  Rupert (Lair:5)
  6 acid blobs (Slime:5)
  Kirke (Lair:5)
  3 azure jellies (Slime:5)
  A rockslime (Slime:2)
  Aizul (Shoals:3)
  4 emperor scorpions (Spider:4)
  4 ghost moths
  An orc warlord (Orc:2)
  3 broodmothers
  2 quicksilver oozes (Slime:5)
  2 formless jellyfish (Slime:2)
  2 dire elephants (Lair:5)
  2 spark wasps (Spider:3)
  An entropy weaver (Spider:3)
  7 merfolk impalers
  3 great orbs of eyes
  A hydra (Lair:5)
  An alligator snapping turtle (Shoals:4)
  2 merfolk aquamancers
  2 merfolk avatars
  A boulder beetle (Lair:1)
  10 death yaks
  2 satyrs (Shoals:4)
  A two-headed ogre (D:6)
  Urug (Orc:2)
  A dancing weapon (Shoals:2)
  2 demonic crawlers (Spider:4)
  An orc high priest (Orc:2)
  3 pharaoh ants
  A spectral anaconda (Lair:5)
  4 sixfirhies (Gauntlet)
  A spectral death yak (Lair:5)
  3 skysharks
  10 sea snakes
  4 orb spiders (Spider:4)
  4 sun moths
  An obsidian statue (Gauntlet)
  2 bog bodies (IceCv)
  7 harpies (Shoals:4)
  2 orc knights
  4 necromancers (Lair:5)
  A deep elf zephyrmancer (Bailey)
  An orc sorcerer (Orc:2)
  A shining eye (Slime:2)
  7 manticores
  10 wolf spiders
  8 fauns
  2 cyclopes
  4 meliai
  A kobold blastminer (Orc:2)
  3 black mambas
  4 water nymphs
  An ice statue (IceCv)
  An eye of devastation (Slime:5)
  3 merfolk sirens
  9 elephants
  3 torpor snails
  13 cane toads
  2 rime drakes
  5 komodo dragons
  An ice devil (IceCv)
  An unseen horror zombie (D:8)
  A queen bee (Spider:4)
  4 trolls
  20 merfolk
  An unseen horror skeleton (D:9)
  3 wind drakes
  4 polar bears
  2 snapping turtles
  11 blink frogs
  12 tarantellas
  A vampire (D:10)
  23 jumping spiders
  12 culicivoras
  30 slime creatures
  A spriggan (Lair:3)
  3 wraiths
  2 dire elephant simulacra (IceCv)
  25 yaks
  2 wyverns
  4 water elementals
  2 basilisks
  A steam dragon (D:11)
  A warg (Orc:2)
  4 death yak simulacra
  3 golden eyes (Slime:2)
  6 hogs (Lair:5)
  33 redbacks
  A spectral cane toad (Lair:5)
  A harpy simulacrum (IceCv)
  11 water moccasins
  3 acid dragons
  A hornet zombie (D:8)
  A hydra simulacrum (IceCv)
  8 ice beasts
  26 orc warriors
  2 sky beasts (D:7)
  4 ogres
  2 black bears
  An elephant skeleton (Lair:5)
  22 wolves
  5 centaurs
  A phantom (D:4)
  Blork the orc (D:5)
  An elf zombie (Ossuary)
  2 brain worms (Sewer)
  3 kobold brigands
  7 bullfrogs
  A scorpion (D:5)
  2 wyvern zombies (D:8)
  5 two-headed ogre simulacra (IceCv)
  3 cane toad simulacra
  A burial acolyte (D:9)
  22 wights
  2 elephant simulacra
  26 killer bees
  2 howler monkeys (D:11)
  2 electric eels
  7 centaur zombies
  3 bombardier beetles
  A jelly (D:6)
  A hound (D:4)
  2 human zombies
  15 orc priests
  A centaur skeleton (D:9)
  14 orc wizards
  A sleepcap (D:7)
  Terence (D:2)
  7 troll simulacra (IceCv)
  7 spriggan simulacra (IceCv)
  2 polar bear simulacra
  A killer bee zombie (D:8)
  3 wolf simulacra (IceCv)
  8 hound zombies (Ossuary)
  2 mummies (Ossuary)
  Robin (D:2)
  2 howler monkey zombies (D:9)
  12 gnolls
  8 naga simulacra (IceCv)
  12 adders
  3 river rats (Sewer)
  A shadow imp (D:7)
  10 white imps
  4 ufetubi (IceCv)
  5 adder zombies (Ossuary)
  6 ribbon worms
  2 dart slugs
  44 orcs
  12 ball pythons
  6 endoplasms
  5 giant cockroaches
  6 gnoll zombies (Ossuary)
  7 goblins
  7 hobgoblins
  6 jackals
  6 quokkas
  7 bats
  4 frilled lizards
  3 jackal zombies (Ossuary)
  9 kobolds
  4 kobold zombies (Ossuary)
  8 orc zombies (Ossuary)
  8 rats
862 creatures vanquished.

Vanquished Creatures (collateral kills)
  Nikola (Shoals:2)
  An acid blob (Slime:5)
  The ghost of popps the Warrior, an adept GrFi of Okawaru (Shoals:2)
  Donald (Orc:2)
  An azure jelly (Slime:5)
  A rockslime (Slime:5)
  An emperor scorpion (Spider:4)
  A minotaur (Gauntlet)
  A spark wasp (Spider:4)
  The ghost of Moeireigaen the Thaumaturge, a journeyman GrFE of Vehumet (Orc:2)
  2 merfolk javelineers (Shoals:4)
  A merfolk impaler (Shoals:4)
  Erica (Orc:1)
  2 demonic crawlers
  2 orc high priests (Orc:2)
  A skyshark (Shoals:2)
  2 sea snakes
  An orb spider (Spider:4)
  5 harpies (Shoals:4)
  2 steelbarb worms (Spider:4)
  An orc knight (Orc:2)
  An orc sorcerer (Orc:2)
  A manticore (Shoals:4)
  2 merfolk sirens
  2 water nymphs (Shoals:4)
  5 merfolk (Shoals:4)
  A troll (Orc:1)
  2 tarantellas (Spider:4)
  A jumping spider (Spider:4)
  3 water elementals (Shoals:4)
  A warg (Orc:2)
  A redback (Spider:4)
  5 orc warriors
  An ogre (Orc:1)
  2 killer bees (D:9)
  7 orc wizards
  16 orcs
  A ball lightning (Orc:2)
82 creatures vanquished.

Vanquished Creatures (others)
  A merfolk (Shoals:1)
  A warg (Orc:2)
  2 ball lightnings (Orc:2)
4 creatures vanquished.

Grand Total: 948 creatures vanquished

Notes
Turn   | Place    | Note
-------+----------+-------------------------------------------
     0 | D:1      | jagoly the Gargoyle Monk began the quest for the Orb.
     0 | D:1      | Reached XP level 1. HP: 14/14 MP: 1/1
   116 | D:1      | Reached XP level 2. HP: 19/19 MP: 2/2
   265 | D:2      | Noticed Robin
   285 | D:2      | Reached skill level 1 in Armour
   290 | D:2      | Reached XP level 3. HP: 8/23 MP: 3/3
   327 | D:2      | Killed Robin
   442 | D:3      | Found a glowing drain.
   454 | Sewer    | Entered a sewer
   484 | Sewer    | Reached XP level 4. HP: 8/29 MP: 4/4
   536 | Sewer    | Noticed a kobold brigand
   570 | Sewer    | Killed a kobold brigand
   571 | Sewer    | Reached XP level 5. HP: 3/33 MP: 5/5
   729 | Sewer    | Reached XP level 6. HP: 34/39 MP: 6/6
   755 | Sewer    | Reached skill level 5 in Maces & Flails
  1187 | D:4      | Reached XP level 7. HP: 44/44 MP: 7/7
  1210 | D:5      | Entered Level 5 of the Dungeon
  1218 | D:5      | Reached skill level 5 in Fighting
  1378 | D:4      | Found a shimmering altar of Xom.
  1378 | D:4      | Found a shimmering altar of Xom.
  1378 | D:4      | Found a shimmering altar of Xom.
  1379 | D:4      | Found a shimmering altar of Xom.
  1379 | D:4      | Found a shimmering altar of Xom.
  1425 | D:3      | Found a radiant altar of Vehumet.
  1635 | D:2      | Noticed Terence
  1641 | D:2      | Killed Terence
  1689 | D:3      | Found a sparkling altar of Nemelex Xobeh.
  1813 | D:5      | Found a burning altar of Makhleb.
  2007 | D:5      | Found a sacrificial altar of Ru.
  2094 | D:5      | Identified the +7 trident of Muphigec {elec, rF+ Stlth+}
  2117 | D:5      | Reached XP level 8. HP: 51/51 MP: 8/8
  2388 | D:5      | Noticed Blork the orc
  2401 | D:5      | Killed Blork the orc
  2407 | D:5      | Reached skill level 5 in Armour
  2558 | D:6      | Found a large runed translucent door.
  2561 | D:6      | Found a large runed translucent door.
  2576 | D:6      | Noticed Biscolet's ghost (novice DjFE)
  2692 | D:7      | Reached XP level 9. HP: 55/59 MP: 9/9
  2735 | D:7      | Found a staircase to the Ecumenical Temple.
  2740 | Temple   | Entered the Ecumenical Temple
  2754 | Temple   | Became a worshipper of the Shining One
  2754 | Temple   | Reached * piety under the Shining One
  2754 | Temple   | Reached ** piety under the Shining One
  2786 | D:6      | Noticed a two-headed ogre
  2793 | D:6      | Killed a two-headed ogre
  2862 | D:7      | Found a sand-covered staircase.
  2869 | Ossuary  | Entered an ossuary
  2926 | Ossuary  | Reached *** piety under the Shining One
  2991 | Ossuary  | Reached **** piety under the Shining One
  3151 | D:7      | Found a glowing silver altar of Zin.
  3280 | D:8      | Reached skill level 10 in Fighting
  3314 | D:7      | Reached skill level 1 in Invocations
  3400 | D:8      | Reached XP level 10. HP: 68/68 MP: 11/11
  3550 | D:9      | Found a flagged portal.
  3572 | Bailey   | Entered a bailey
  3629 | Bailey   | Reached skill level 1 in Shields
  3667 | Bailey   | Reached ***** piety under the Shining One
  3677 | Bailey   | Noticed an orc knight
  3698 | Bailey   | Killed an orc knight
  3699 | Bailey   | Reached skill level 5 in Shields
  3721 | Bailey   | Found a large runed translucent door.
  3721 | Bailey   | Found a large runed translucent door.
  3739 | Bailey   | Noticed a deep elf zephyrmancer
  3771 | Bailey   | Killed a deep elf zephyrmancer
  3790 | Bailey   | Identified the staff of World Downfall {rElec rCorr Str-4
                  | Int+4 SInv Air}
  3792 | Bailey   | Identified the staff of Action {Str+5 Conj}
  3856 | D:9      | Found a stormy altar of Qazlal.
  4009 | D:8      | Found a basalt altar of Yredelemnul.
  4102 | D:8      | Reached XP level 11. HP: 73/73 MP: 12/12
  4271 | D:8      | Found a snail-covered altar of Cheibriados.
  4400 | D:9      | Identified the +1 rapier "Sarcophage" {venom, rC+ Int+2
                  | Dex+2}
  4432 | D:9      | Noticed a cyclops
  4445 | D:9      | Killed a cyclops
  4485 | D:10     | Entered Level 10 of the Dungeon
  4550 | D:9      | Found a shadowy altar of Dithmenos.
  4639 | D:9      | Reached skill level 10 in Shields
  4663 | D:9      | Found an ancient bone altar of Kikubaaqudgha.
  4681 | D:9      | Reached skill level 5 in Dodging
  4681 | D:9      | Reached ****** piety under the Shining One
  4897 | D:9      | Identified the +6 flail of the Six Brambles {heavy, Will+
                  | Int+3 Stlth-}
  5026 | D:10     | Gained mutation: You are partially covered in iridescent
                  | scales. (AC +2) [potion of mutation]
  5026 | D:10     | The Shining One protects you from harm!
  5185 | D:10     | Identified the +1 leather armour of Feasting {Dex+2}
  5233 | D:10     | Noticed a cyclops
  5240 | D:10     | Killed a cyclops
  5265 | D:10     | Found a staircase to the Orcish Mines.
  5380 | D:10     | Found a shimmering blue altar of Sif Muna.
  5781 | D:11     | Found a staircase to the Lair.
  5798 | D:11     | Reached skill level 10 in Maces & Flails
  5798 | D:11     | Reached XP level 12. HP: 66/79 MP: 13/13
  6254 | D:11     | Identified the +1 robe "Gomof" {Int-5 Dex+4}
  6317 | Lair:1   | Entered Level 1 of the Lair of Beasts
  6394 | Lair:1   | Noticed a boulder beetle
  6405 | Lair:1   | Killed a boulder beetle
  6489 | Lair:2   | Found a hole to the Spider Nest.
  6656 | Lair:2   | Noticed a skyshark
  6674 | Lair:2   | Killed a skyshark
  6844 | Lair:3   | Reached skill level 1 in Throwing
  6919 | Lair:5   | Entered Level 5 of the Lair of Beasts
  6919 | Lair:5   | Noticed a death yak
  6919 | Lair:5   | Noticed a death yak
  6971 | Lair:4   | Found a gate leading to a gauntlet.
  6993 | Gauntlet | Entered a Gauntlet
  6993 | Gauntlet | Found a transporter.
  6996 | Gauntlet | Found a transporter.
  6997 | Gauntlet | Found a transporter.
  7001 | Gauntlet | Found a transporter.
  7003 | Gauntlet | Found a transporter.
  7003 | Gauntlet | Found a transporter.
  7010 | Gauntlet | Found a transporter.
  7015 | Gauntlet | Found a transporter.
  7029 | Gauntlet | Found a transporter.
  7031 | Gauntlet | Found a transporter.
  7034 | Gauntlet | Noticed a thrashing horror
  7035 | Gauntlet | Found a transporter.
  7043 | Gauntlet | Found a transporter.
  7069 | Gauntlet | Reached skill level 10 in Armour
  7071 | Gauntlet | Reached XP level 13. HP: 84/84 MP: 14/14
  7121 | Gauntlet | Identified the +2 scale mail "Dairchiff" {rElec Stlth+}
  7121 | Gauntlet | Noticed a minotaur
  7130 | Gauntlet | Killed a minotaur
  7445 | Lair:4   | Found a frozen archway.
  7494 | IceCv    | Entered an ice cave
  7594 | IceCv    | Found the +2 pair of slick slippers {slick, slippery, EV+4}
  8150 | Lair:5   | Reached skill level 5 in Invocations
  8155 | Lair:5   | Gained mutation: Your large and strong wings let you fly.
                  | [Gargoyle growth]
  8155 | Lair:5   | Reached XP level 14. HP: 82/92 MP: 13/18
  8207 | Lair:5   | Found a viscous altar of Jiyva.
  8207 | Lair:5   | Found a staircase to the Slime Pits.
  8413 | Lair:5   | Noticed Kirke
  8423 | Lair:5   | Noticed a sphinx
  8432 | Lair:5   | Killed Kirke
  8447 | Lair:5   | Noticed a dire elephant
  8648 | Lair:5   | Noticed a dire elephant
  8658 | Lair:5   | Killed a dire elephant
  8659 | Lair:5   | Reached skill level 10 in Invocations
  8684 | Lair:5   | Reached skill level 1 in Evocations
  8753 | Lair:5   | Killed a dire elephant
  8779 | Lair:5   | Got an earthy gem with 1833 turns to spare
  8842 | Lair:5   | Noticed Rupert
  9205 | Orc:1    | Entered Level 1 of the Orcish Mines
  9208 | Orc:1    | Noticed Erica
  9212 | Orc:1    | Killed Erica
  9266 | Orc:1    | Found Miagarphulem's Magic Scroll Shop.
  9329 | Orc:2    | Entered Level 2 of the Orcish Mines
  9351 | Orc:2    | Noticed Donald
  9358 | Orc:2    | Killed Donald
  9373 | Orc:2    | Reached skill level 5 in Throwing
  9453 | Orc:2    | Noticed Urug
  9462 | Orc:2    | Killed Urug
  9468 | Orc:2    | Found Oxeuw's Jewellery Shop.
  9482 | Orc:2    | Found a staircase to the Elven Halls.
  9509 | Orc:2    | Found Atrast's Antique Armour Shop.
  9515 | Orc:2    | Found a runed translucent door.
  9522 | Orc:2    | Noticed Moeireigaen's ghost (journeyman GrFE)
  9529 | Orc:2    | Killed Moeireigaen's ghost
  9565 | Orc:2    | Found Vamamase's General Store.
  9594 | Orc:2    | Reached XP level 15. HP: 95/96 MP: 22/22
  9879 | Orc:2    | Noticed Jorgrun
  9892 | Orc:2    | Killed Jorgrun
  9893 | Orc:2    | Reached skill level 5 in Evocations
  9932 | Orc:2    | Noticed an orc warlord
  9957 | Orc:2    | Killed an orc warlord
 10001 | Orc:2    | Found Riloel's Antique Weapon Emporium.
 10054 | Orc:2    | Bought an ichor-stained plate armour for 448 gold pieces
 10054 | Orc:2    | Identified the +0 plate armour of the Wonderful God {Str+3
                  | Int+4} (You bought it in a shop on level 2 of the Orcish
                  | Mines)
 10054 | Orc:2    | Bought an ichor-stained chain mail for 152 gold pieces
 10054 | Orc:2    | Identified the +0 chain mail of the Mantidfly {rF+ Regen+
                  | Str-4 Slay+2} (You bought it in a shop on level 2 of the
                  | Orcish Mines)
 10067 | Orc:2    | Bought an embroidered cloak for 120 gold pieces
 10174 | Orc:2    | Bought a wand of mindburst (5) for 98 gold pieces
 10174 | Orc:2    | Bought a box of beasts for 560 gold pieces
 10210 | Orc:1    | Bought a scroll of fear for 44 gold pieces
 10210 | Orc:1    | Bought a scroll of summoning for 104 gold pieces
 10210 | Orc:1    | Bought a scroll of silence for 104 gold pieces
 10326 | Spider:1 | Entered Level 1 of the Spider Nest
 10500 | Spider:3 | Noticed a ghost moth
 10512 | Spider:2 | Killed a ghost moth
 10597 | Spider:3 | Reached skill level 1 in Axes
 10709 | Spider:2 | Reached skill level 2 in Axes
 10807 | Spider:3 | Reached skill level 3 in Axes
 10850 | Spider:3 | Reached skill level 4 in Axes
 10878 | Spider:4 | Entered Level 4 of the Spider Nest
 11000 | Spider:4 | Reached skill level 5 in Axes
 11210 | Spider:4 | Noticed an emperor scorpion
 11222 | Spider:4 | Killed an emperor scorpion
 11223 | Spider:4 | Reached skill level 6 in Axes
 11268 | Spider:4 | Reached skill level 7 in Axes
 11283 | Spider:4 | Was placed under penance by the Shining One
 11303 | Spider:4 | Noticed an emperor scorpion
 11313 | Spider:4 | Noticed a ghost moth
 11328 | Spider:4 | Killed a ghost moth
 11329 | Spider:4 | Reached XP level 16. HP: 23/101 MP: 0/25
 11330 | Spider:4 | Reached skill level 8 in Axes
 11417 | Spider:4 | Identified the +1 pair of boots of Noughts and Crosses
                  | {^Contam rF+ Int+3}
 11551 | Spider:4 | Reached skill level 9 in Axes
 11561 | Spider:4 | Got a milky-white gem with 1122 turns to spare
 11565 | Spider:4 | Got a gossamer rune of Zot
 11798 | Spider:2 | Reached skill level 10 in Axes
 11819 | Spider:1 | HP: 5/101 [burnt (3)]
 12287 | Lair:2   | Found a staircase to the Shoals.
 12296 | Shoals:1 | Entered Level 1 of the Shoals
 12440 | Shoals:1 | Was forgiven by the Shining One
 12452 | Shoals:1 | Reached skill level 11 in Axes
 12490 | Shoals:2 | Noticed popps's ghost (adept GrFi)
 12490 | Shoals:2 | Noticed Nikola
 12490 | Shoals:2 | Found a runed translucent door.
 12490 | Shoals:2 | Found a shimmering altar of Xom.
 12507 | Shoals:2 | Killed Nikola
 12529 | Shoals:2 | Killed popps's ghost
 12655 | Shoals:3 | Reached skill level 12 in Axes
 12688 | Shoals:3 | Identified the serpent talisman of Youthful Indiscretion
                  | {rN+ Will+}
 12688 | Shoals:3 | Noticed Aizul
 12708 | Shoals:3 | Killed Aizul
 12922 | Shoals:3 | Reached skill level 13 in Axes
 12946 | Shoals:4 | Entered Level 4 of the Shoals
 12962 | Shoals:4 | Reached XP level 17. HP: 80/106 MP: 22/26
 13082 | Shoals:4 | Got an azure gem with 1011 turns to spare
 13084 | Shoals:4 | Got a barnacled rune of Zot
 13135 | Shoals:4 | Reached skill level 14 in Axes
 13280 | Shoals:4 | Found the +3 Mad Mage's Maulers {Infuse+∞ VampMP -Cast}
 13336 | Shoals:3 | Found Cuguut's Distillery.
 13366 | Shoals:3 | Bought a potion of mutation for 120 gold pieces
 13366 | Shoals:3 | Bought 2 potions of magic for 240 gold pieces
 13366 | Shoals:3 | Bought a potion of heal wounds for 75 gold pieces
 13366 | Shoals:3 | Bought a potion of ambrosia for 120 gold pieces
 13514 | Shoals:1 | Reached skill level 15 in Axes
 13646 | Lair:5   | Paralysed by Rupert for 4 turns
 13651 | Lair:5   | Killed Rupert
 13712 | Slime:1  | Entered Level 1 of the Pits of Slime
 13871 | Slime:5  | Entered Level 5 of the Pits of Slime
 13906 | Slime:5  | Noticed an acid blob
 13921 | Slime:5  | Killed an acid blob
 13935 | Slime:5  | Noticed the Royal Jelly
 13944 | Slime:5  | Noticed an acid blob
 13950 | Slime:5  | Killed an acid blob
 13988 | Slime:5  | Noticed an acid blob
 13988 | Slime:5  | Noticed an acid blob
 13988 | Slime:5  | Noticed an acid blob
 13991 | Slime:5  | Noticed an acid blob
 13996 | Slime:5  | Noticed an acid blob
 14003 | Slime:5  | Killed an acid blob
 14003 | Slime:5  | Noticed an acid blob
 14004 | Slime:5  | Killed an acid blob
 14005 | Slime:5  | Killed an acid blob
 14005 | Slime:5  | Killed the Royal Jelly
 14005 | Slime:5  | Killed an acid blob
 14005 | Slime:5  | Killed an acid blob
 14005 | Slime:5  | Noticed an acid blob
 14081 | Slime:5  | Reached XP level 18. HP: 48/112 MP: 23/27
 14082 | Slime:5  | Slain by a rockslime

Illustrated notes

Levels and vault maps discovered:
D:1:      dreamdust_arrival_sigmund_warning, layout_loops_ring
D:2:      layout_rooms, uniq_terence, uniq_robin
D:3:      layout_basic, nicolae_overflow_crystal_walls,
          nicolae_vehumet_altar_sigil, gup_sewer_entry_bubbles, serial_shops,
          shop, grunt_decor_arrowhead
D:4:      mumra_celtic_spiral_tile, layout_basic, xom_redecorated,
          serial_bayou_pond_c, kennysheep_generic_room_15
D:5:      layout_gridville, kennysheep_mini_moat, lemuel_coloured_pillars_altar,
          uniq_blork_the_orc
D:6:      layout_gridville, ebering_ghost_disaster_area, minivault_4
D:7:      layout_gridville, zin_statuary, temple_doors_cd,
          chequers_ossuary_entry_cave
D:8:      layout_rooms, slow_altar_2, nicolae_yredelemnul_corpse_copse,
          bh_walls_and_bars
D:9:      nicolae_cairo_tiling_very_big, layout_long_grid,
          grunt_dithmenos_smoke_and_mirrors, grunt_qazlal_clouds,
          lemuel_mausoleum_altar_kikubaaqudgha, enter_bailey_6
D:10:     layout_big_octagon, kennysheep_orc_sif_temple, erik_orc_3
D:11:     layout_gridville, hellmonk_lair_entry_icy, nicolae_eternal_life,
          uniq_josephine
D:12:     layout_basic, chequers_mini_garden, dancing_weapons_uskayaw
Temple:   nicolae_temple_bog_church
Lair:1:   layout_cave_pods, grunt_megastairs_5
Lair:2:   layout_regular_city, nicolae_shoals_entry_flooding,
          hellmonk_spider_entry_not_the_bees, chequers_serial_rivers_small_a
Lair:3:   layout_big_grid, forest_entry_grove, lemuel_fruit_fields
Lair:4:   layout_cave_pods, portal_ice_cave_entry_ice_simulacra,
          gauntlet_entry_generic, infiniplex_staircase_pool
Lair:5:   due_jungle_book, layout_cave_shapes, dpeg_slime_entry_corner,
          grunt_megastairs_1, uniq_rupert, uniq_kirke
Shoals:1: layout_shoals, nicolae_shoals_spectral_cove
Shoals:2: layout_shoals, ebering_ghost_xom, uniq_nikola
Shoals:3: cheibrodos_shoals_baths, layout_shoals, serial_shops,
          nicolae_stop_n_shop_1, uniq_aizul
Shoals:4: shoals_end_hangedman, layout_shoals,
          nicolae_shoals_kraken_intersection
Spider:1: layout_cave_pods, nicolae_spider_webbed_stairs
Spider:2: layout_cave_pods
Spider:3: layout_spider_delve
Spider:4: guppyfry_spider_rune, ebering_ghost_xom, hive_lemuel
Slime:1:  layout_caves
Slime:2:  layout_caves
Slime:3:  layout_caves, nicolae_slime_barrier, nicolae_slime_rock_hall_of_fame
Slime:4:  layout_caves
Slime:5:  slime_pit_nicolae_trefoil
Orc:1:    nicolae_orc_accident_2, layout_caves, serial_shops, shop_scrolls,
          basic_altar, uniq_erica
Orc:2:    grunt_orc_gardens, layout_diamond_mine, grunt_orc_garden,
          grunt_orc_garden, grunt_orc_garden, grunt_orc_garden,
          ebering_ghost_inner_flame, uniq_donald, uniq_jorgrun, uniq_urug

Skill      XL: |  1  2  3  4  5  6  7  8  9 10 11 12 13 14 15 16 17 |
---------------+----------------------------------------------------+-----
Armour         | 1 2 3 4 6 8 10 | 10.0
Maces & Flails | 4 5 6 10 11 14 | 14.0
Fighting       | 4 5 8 10 11 12 | 12.0
Dodging        | 3 4 5 6 |  6.0
Invocations    | 2 5 10 12 | 12.0
Shields        | 7 10 11 12 | 12.0
Throwing       | 2 6 7 |  7.1
Evocations     | 4 6 7 |  7.5
Axes           | 7 13 15 | 15.6

Action                     |  1- 3 |  4- 6 |  7- 9 | 10-12 | 13-15 | 16-18 || total
---------------------------+-------+-------+-------+-------+-------+-------++-------
  Melee: Mace              |   119 |   161 |       |       |       |       ||   280
         Flail             |       |    10 |   178 |   241 |   901 |   273 ||  1603
         Trident           |       |       |   212 |   406 |     2 |    11 ||   631
         Broad axe         |       |       |       |       |    27 |   406 ||   433
  Throw: Stone             |       |     1 |     1 |     6 |    41 |       ||    49
         Dart              |       |     4 |     4 |     4 |    30 |     9 ||    51
         Boomerang         |       |       |       |       |    97 |    88 ||   185
         Javelin           |       |       |       |       |       |     6 ||     6
         Throwing net      |       |       |       |       |       |     2 ||     2
 Invoke: Divine Shield     |       |       |       |     9 |    26 |     9 ||    44
         Summon Divine War |       |       |       |       |     3 |     5 ||     8
         Cleansing Flame   |       |       |       |       |     3 |     2 ||     5
  Evoke: Phantom mirror    |       |       |       |     1 |     3 |     1 ||     5
         Wand              |       |       |       |       |     5 |     2 ||     7
         Tin of tremorston |       |       |       |       |       |     4 ||     4
         Box of beasts     |       |       |       |       |       |     2 ||     2
         Lightning rod     |       |       |       |       |       |     4 ||     4
    Use: Scroll            |       |       |       |    10 |     9 |    19 ||    38
         Potion            |       |       |       |     3 |     1 |     5 ||     9
 Armour: Chain mail        |   153 |   100 |       |       |   573 |   777 ||  1603
         Robe              |     3 |       |       |       |       |       ||     3
         Plate armour      |       |    11 |   473 |    75 |       |       ||   559
         Ring mail         |       |       |       |    65 |       |       ||    65
         Acid dragon scale |       |       |       |   187 |       |       ||   187
         Troll leather arm |       |       |       |   148 |    42 |       ||   190
  Dodge: Dodged            |    56 |    66 |   209 |   446 |   499 |   326 ||  1602
  Block: Kite shield       |       |       |       |   585 |   928 |   718 ||  2231
